 Dungeon Crawl Stone Soup version 0.31-b1-20-g67cafac56d (webtiles) character file.

Game seed: 9120419221728156306

10526 BigPumpCobain the Cleaver (level 11, -15/97 HPs)
             Began as a Minotaur Berserker on Jan 17, 2024.
             Was an Elder of Trog.
             Demolished by a two-headed ogre
             ... wielding a +0 giant spiked club
              (17 damage)
             ... on level 11 of the Dungeon.
             The game lasted 00:15:42 (9251 turns).

BigPumpCobain the Cleaver (Minotaur Berserker)      Turns: 9251, Time: 00:15:43

Health: -15/97     AC: 20    Str: 27    XL:     11   Next: 37%
Magic:  10/10      EV:  9    Int:  4    God:    Trog [****..]
Gold:   372        SH:  0    Dex:  9    Spells: 10/10 levels left

rFire   . . .        G - +1 hand axe (flame)
rCold   . . .        (no shield)
rNeg    + . .        s - +0 plate armour
rPois   +            (helmet restricted)
rElec   .            C - +2 cloak
rCorr   .            D - +0 pair of gloves
SInv    +            z - +0 pair of boots of Creativity {SInv}
Will    .....        I - amulet of regeneration
Stlth   x              - ring of poison resistance
HPRegen 1.16/turn    F - ring of positive energy
MPRegen 0.12/turn

%: no passive effects
@: on berserk cooldown, slowed, studying Shields, very slow
A: horns 2, retaliatory headbutt
a: Renounce Religion, Berserk, Trog's Hand, Brothers in Arms


You were on level 11 of the Dungeon.
You worshipped Trog.
Trog was greatly pleased with you.
You visited 2 branches of the dungeon, and saw 12 of its levels.

You collected 372 gold pieces.

Inventory:

Hand Weapons
 G - a +1 hand axe of flaming (weapon)
Armour
 s - a +0 plate armour (worn)
 z - the +0 pair of boots of Creativity (worn) {SInv}
   (You found it on level 5 of the Dungeon)

   SInv:      It lets you see invisible.
 C - a +2 cloak (worn)
 D - a +0 pair of gloves (worn)
Jewellery
 x - a ring of poison resistance (left hand)
 E - a ring of ice
 F - a ring of positive energy (right hand)
 I - an amulet of regeneration (around neck)
Wands
 c - a wand of flame (15)
 p - a wand of quicksilver (3)
 t - a wand of mindburst (22)
 y - a wand of roots (7)
Scrolls
 a - a scroll of enchant weapon
 b - a scroll of immolation {unknown}
 g - 4 scrolls of identify
 j - 6 scrolls of teleportation
 k - a scroll of fog
 n - 3 scrolls of fear
 o - a scroll of summoning
 r - a scroll of noise
 u - 2 scrolls of vulnerability
 v - 2 scrolls of revelation
Potions
 d - 2 potions of brilliance {unknown}
 e - 4 potions of heal wounds {unknown}
 f - 2 potions of degeneration {unknown}
 h - 2 potions of attraction {unknown}
 i - a potion of invisibility {unknown}
 l - a potion of enlightenment {unknown}
 m - 2 potions of lignification {unknown}
 q - a potion of magic {unknown}
 w - 7 potions of curing {unknown}
 B - a potion of cancellation {unknown}
 H - a potion of mutation {unknown}
 J - 2 potions of might {unknown}


   Skills:
 + Level 9.0 Fighting
 * Level 14.7 Axes
 + Level 6.6 Throwing
 + Level 10.0 Armour
 - Level 5.0 Dodging
 + Level 0.2 Stealth
 + Level 1.1 Evocations


You had 10 spell levels left.
You didn't know any spells.
Your spell library was empty.

Dungeon Overview and Level Annotations

Branches:
Dungeon (11/15)            Temple (0/1) D:5             Orc (1/2) D:9
   Lair: D:8-11

Altars:
Kikubaaqudgha
Makhleb
Nemelex Xobeh
Ru
Wu Jian
Yredelemnul

Shops:
Orc:1 *


Innate Abilities, Weirdness & Mutations

You have a pair of horns on your head.
You reflexively headbutt those who attack you in melee.


Message History

a howler monkey corpse; a howler monkey corpse You feel a strong urge to attack something.
You are no longer berserk.
You are exhausted.
You feel yourself slow down.
A boulder beetle comes into view.
An unseen horror comes into view.
You see here a troll corpse.
The unseen horror hits you. The unseen horror barely misses you.
The unseen horror hits you.
The two-headed ogre attacks as it pursues you!
The two-headed ogre hits you with a +0 giant spiked club!
The two-headed ogre hits you with a +0 giant spiked club!!
The purple ugly thing gores you.
There is a stone staircase leading up, spattered with blood here.
The unseen horror hits you.
The unseen horror hits you but does no damage.
The two-headed ogre barely misses you.
The two-headed ogre hits you with a +0 giant spiked club!
The purple ugly thing gores you but does no damage.
You climb upwards.
There is a stone staircase leading down here.
The purple ugly thing gores you!
The two-headed ogre hits you with a +0 giant spiked club!
* * * LOW HITPOINT WARNING * * *
The two-headed ogre hits you but does no damage.
The purple ugly thing gores you but does no damage.
You climb downwards.
The unseen horror hits you.
* * * LOW HITPOINT WARNING * * *
The unseen horror hits you but does no damage.
The boulder beetle barely misses you. x2; You furiously retaliate!
You headbutt the boulder beetle.
There is a stone staircase leading up, spattered with blood here.
The unseen horror hits you!
* * * LOW HITPOINT WARNING * * *
The unseen horror hits you but does no damage.
The boulder beetle bites you!
* * * LOW HITPOINT WARNING * * *
The two-headed ogre hits you with a +0 giant spiked club!
You die...

.. ... ..# #.# #.#
#.# .#######O####
......u@.x..#####.
..######B†#.......
##†.# #
#.........#
#.........#
...........#
.B#..........# ..
##.....(.(... .
............


You could see a boulder beetle, a purple ugly thing, a two-headed ogre and an
unseen horror (invisible).

Vanquished Creatures
  Pikel (D:4)
  Jeremiah (D:6)
  A komodo dragon (D:10)
  2 trolls
  A hornet (D:9)
  Sigmund (D:3)
  A wraith (D:10)
  4 wyverns
  Eustachio (D:6)
  27 yaks
  4 steam dragons (D:9)
  An acid dragon (D:4)
  A water moccasin (D:4)
  Duvessa (D:4)
  An ice beast (D:7)
  A sky beast (D:7)
  A black bear (D:6)
  3 orc warriors
  3 centaurs
  3 ogres
  A lemure (D:4)
  A phantom (D:5)
  A kobold brigand (D:6)
  4 bullfrogs
  2 scorpions
  5 wights (D:8)
  A burial acolyte (D:8)
  Dowan (D:4)
  4 killer bees (D:8)
  4 howler monkeys
  An electric eel (D:9)
  6 orc priests
  5 hounds
  Crazy Yiuf (D:6)
  A gnoll bouda (D:10)
  Jessica (D:3)
  3 iguanas
  Ijyb (D:3)
  2 sleepcaps
  3 orc wizards
  10 adders
  6 gnolls
  A white imp (D:7)
  An adder zombie (D:8)
  A ribbon worm (D:5)
  2 dart slugs (D:4)
  19 orcs
  12 endoplasms
  6 giant cockroaches
  8 goblins
  5 hobgoblins
  7 jackals
  8 kobolds
  4 quokkas
  10 ball pythons
  6 bats
  2 jackal zombies (D:8)
  5 rats
220 creatures vanquished.

Notes
Turn   | Place    | Note
-------+----------+-------------------------------------------
     0 | D:1      | BigPumpCobain the Minotaur Berserker began the quest for
                  | the Orb.
     0 | D:1      | Reached XP level 1. HP: 19/19 MP: 0/0
   151 | D:1      | Reached XP level 2. HP: 27/27 MP: 1/1
   185 | D:1      | Reached skill level 4 in Axes
   479 | D:1      | You fall into a shaft and drop 1 floor!
   883 | D:2      | Reached XP level 3. HP: 33/33 MP: 2/2
  1007 | D:2      | Reached ** piety under Trog
  1513 | D:3      | Noticed Jessica
  1528 | D:3      | Killed Jessica
  1529 | D:3      | Reached skill level 1 in Throwing
  1529 | D:3      | Reached XP level 4. HP: 41/41 MP: 3/3
  1598 | D:3      | Noticed Ijyb
  1604 | D:3      | Reached skill level 5 in Axes
  1618 | D:3      | Killed Ijyb
  1619 | D:3      | Reached XP level 5. HP: 15/47 MP: 4/4
  1776 | D:3      | Identified the +1 pair of gloves "Meudd" {Harm rF+ Will-
                  | Str+2}
  1852 | D:3      | Noticed Sigmund
  1866 | D:3      | Killed Sigmund
  1867 | D:3      | Reached skill level 6 in Axes
  1867 | D:3      | Reached XP level 6. HP: 55/55 MP: 5/5
  1879 | D:3      | Found a sacrificial altar of Ru.
  2213 | D:4      | Noticed Duvessa
  2213 | D:4      | Noticed Dowan
  2222 | D:4      | Killed Duvessa
  2223 | D:4      | Reached skill level 5 in Fighting
  2223 | D:4      | Reached skill level 7 in Axes
  2223 | D:4      | Reached XP level 7. HP: 61/61 MP: 6/6
  2228 | D:4      | Killed Dowan
  2345 | D:4      | Noticed a wyvern
  2353 | D:4      | Killed a wyvern
  2354 | D:4      | Reached skill level 8 in Axes
  2367 | D:4      | HP: 1/61 [ogre/+0 giant spiked club (13)]
  2615 | D:4      | Reached XP level 8. HP: 49/69 MP: 7/7
  2784 | D:4      | Reached skill level 9 in Axes
  2883 | D:4      | Reached *** piety under Trog
  3172 | D:4      | Noticed Pikel
  3185 | D:4      | Killed Pikel
  3186 | D:4      | Reached skill level 10 in Axes
  3186 | D:4      | Reached skill level 5 in Armour
  3466 | D:5      | Entered Level 5 of the Dungeon
  3589 | D:5      | Found a staircase to the Ecumenical Temple.
  3652 | D:5      | Reached XP level 9. HP: 77/77 MP: 8/8
  3911 | D:5      | Identified the +0 pair of boots of Creativity {SInv}
  4230 | D:6      | Reached skill level 5 in Throwing
  4266 | D:6      | Noticed Jeremiah
  4305 | D:7      | HP: 3/65 [poisoned by a kobold brigand]
  4306 | D:7      | HP: 1/65 [poisoned by a kobold brigand]
  4311 | D:7      | HP: 2/65 [poisoned by a kobold brigand]
  4449 | D:6      | Killed Jeremiah
  4450 | D:6      | Reached skill level 11 in Axes
  4631 | D:6      | Found an ornate altar of the Wu Jian Council.
  4648 | D:6      | Noticed Eustachio
  4666 | D:6      | Killed Eustachio
  4745 | D:6      | Found a basalt altar of Yredelemnul.
  5087 | D:6      | Found a runed translucent door.
  5088 | D:6      | Noticed Crazy Yiuf
  5098 | D:6      | Killed Crazy Yiuf
  5238 | D:7      | Noticed a troll
  5247 | D:7      | Killed a troll
  5302 | D:7      | Reached skill level 12 in Axes
  5404 | D:7      | Found a burning altar of Makhleb.
  5431 | D:7      | Found a sparkling altar of Nemelex Xobeh.
  5925 | D:8      | Reached skill level 1 in Evocations
  5976 | D:8      | Reached skill level 5 in Dodging
  6007 | D:8      | Reached XP level 10. HP: 72/85 MP: 9/9
  6524 | D:8      | Found an ancient bone altar of Kikubaaqudgha.
  7309 | D:9      | Found a staircase to the Orcish Mines.
  7345 | D:9      | Reached skill level 13 in Axes
  7345 | D:9      | Reached **** piety under Trog
  7370 | Orc:1    | Entered Level 1 of the Orcish Mines
  7370 | Orc:1    | Found Adui's Alliterative Armaments.
  7404 | Orc:1    | Noticed a kobold blastminer
  8272 | D:10     | Entered Level 10 of the Dungeon
  8532 | D:10     | Reached skill level 14 in Axes
  8880 | D:10     | Identified the +1 ring mail of Failure {*Slow Regen+ Str+7
                  | SInv}
  8940 | D:10     | Reached XP level 11. HP: 94/94 MP: 10/10
  9105 | D:10     | Reached skill level 10 in Armour
  9236 | D:11     | Noticed a two-headed ogre
  9242 | D:11     | Noticed a purple ugly thing
  9243 | D:11     | Noticed a boulder beetle
  9251 | D:11     | HP: 2/97 [boulder beetle (17)]
  9251 | D:11     | Demolished by a two-headed ogre

Illustrated notes

Levels and vault maps discovered:
D:1:      saegor_arrival_simple_a, layout_basic
D:2:      layout_basic, serial_aquarium, aquarium_bridge_long_joined
          [aquarium_subvault_wall, aquarium_subvault_wall,
          aquarium_subvault_wall, aquarium_subvault_wall,
          aquarium_subvault_bridge, aquarium_subvault_wall], aquarium_window_2,
          aquarium_window_2, aquarium_window_fake, aquarium_view_2f,
          aquarium_view_2a, aquarium_pool_2
D:3:      layout_basic, general_overflow_altar, uniq_jessica, uniq_ijyb,
          uniq_sigmund
D:4:      minmay_chambers_of_threes, layout_gridville, minmay_divided_ellipse,
          uniq_pikel, uniq_duvessa
D:5:      layout_basic, temple_green
D:6:      layout_rooms, nicolae_overflow_crystal_walls,
          mainiacjoe_overflow_catwalk, uniq_jeremiah, uniq_crazy_yiuf_cottage,
          uniq_eustachio
D:7:      nicolae_cairo_tiling_large_dashed, layout_loops_ring,
          mainiacjoe_overflow_two_lobes, minmay_manual_mares
D:8:      layout_basic, lemuel_zombie_altar_kikubaaqudgha
D:9:      layout_long_grid, orc_0_dummy,
          hangedman_abyss_or_decor_jellyfish_corner, fungi_pond_lemuel
D:10:     layout_rooms
D:11:     layout_rooms, minmay_lair_entry_lava, enter_trove_0,
          grunt_ministairs_12
Orc:1:    layout_diamond_mine, serial_shops, shop, monkooky_shop_alliterative

Skill      XL: |  1  2  3  4  5  6  7  8  9 10 11 |
---------------+----------------------------------+-----
Axes           | 4 5 6 7 8 10 12 14 | 14.7
Fighting       | 4 5 6 7 8 9 |  9.0
Throwing       | 1 2 3 4 5 6 |  6.6
Dodging        | 3 5 |  5.0
Armour         | 3 4 5 6 9 10 | 10.0
Evocations     | 1 |  1.1
Stealth        | |  0.2

Action                     |  1- 3 |  4- 6 |  7- 9 | 10-12 || total
---------------------------+-------+-------+-------+-------++-------
  Melee: Hand axe          |    54 |    76 |   279 |   229 ||   638
         Headbutt          |     8 |    13 |    53 |    42 ||   116
         Punch             |       |     1 |     2 |     2 ||     5
  Throw: Javelin           |    10 |     6 |    18 |     6 ||    40
         Boomerang         |       |       |    44 |    18 ||    62
 Invoke: Berserk           |       |     3 |     8 |     5 ||    16
         Trog's Hand       |       |       |     4 |     2 ||     6
  Evoke: Wand              |       |       |     7 |       ||     7
    Use: Scroll            |     4 |     1 |     8 |       ||    13
 Armour: Chain mail        |    28 |    25 |       |       ||    53
         Plate armour      |       |    26 |   210 |   163 ||   399
  Dodge: Dodged            |    26 |    31 |    90 |    66 ||   213
